 Dungeon Crawl Stone Soup version 0.20.1-1-g8b1a95d (webtiles) character file.

5315 Vodalian the Fighter (level 10, -6/94 HPs)
             Began as a Minotaur Berserker on Dec 7, 2017.
             Was an Elder of Trog.
             Killed from afar by a gargoyle (21 damage)
             ... with a stone arrow
             ... on level 9 of the Dungeon on Dec 8, 2017.
             The game lasted 00:42:00 (7580 turns).

Vodalian the Fighter (Minotaur Berserker)           Turns: 7580, Time: 00:42:01

Health: -6/94      AC: 14    Str: 23    XL:     10   Next: 37%
Magic:  12/12      EV: 10    Int:  7    God:    Trog [****..]
Gold:   402        SH:  7    Dex: 12    Spells: 9/9 levels left

rFire    . . .     SeeInvis .   a - +0 hand axe
rCold    . . .     Gourm    .   R - +0 shield
rNeg     + . .     Faith    .   v - +0 pearl dragon scales
rPois    .         Spirit   .   (helmet restricted)
rElec    .         Reflect  .   (no cloak)
rCorr    .         Harm     .   i - +0 pair of gloves
MR       .....                  (no boots)
Stlth    ..........             (no amulet)
Regen    0.3/turn               b - +3 ring of intelligence
MPRegen  0.2/turn               (no ring)

@: berserk cooldown, starving, hasted and slowed
A: retaliatory headbutt, horns 2
a: Berserk, Trog's Hand, Brothers in Arms, Burn Spellbooks, Renounce Religion


You were on level 9 of the Dungeon.
You worshipped Trog.
Trog was greatly pleased with you.
You were starving.

You visited 1 branch of the dungeon, and saw 9 of its levels.
You also visited: Ossuary.

You collected 818 gold pieces.
You spent 416 gold pieces at shops.

Inventory:

Hand Weapons
 a - a +0 hand axe (weapon)
 q - the +9 glaive of the Mushroom {drain, rF+ Dex+4}
   (You found it on level 5 of the Dungeon)

   A truly terrible weapon, it drains the life of those it strikes.
   It affects your dexterity (+4).
   It protects you from fire.
Armour
 i - a +0 pair of gloves (worn)
 r - a +4 chain mail
 v - +0 pearl dragon scales (worn)
 A - +0 steam dragon scales
 R - a +0 shield (worn)
Magical Staves
 I - an uncursed staff of summoning {unknown}
Jewellery
 b - a +3 ring of intelligence (left hand)
 M - an uncursed ring of wizardry {unknown}
 N - a +2 amulet of reflection {unknown}
Wands
 y - a wand of digging (5/24)
 P - a wand of flame (13/48)
Scrolls
 g - 7 scrolls of identify
 l - 3 scrolls of remove curse
 m - 2 scrolls of immolation
 u - a scroll of fear
 w - a scroll of brand weapon {unknown}
 x - 3 scrolls of amnesia
 G - a scroll of recharging {unknown}
 J - 4 scrolls of enchant weapon
 K - a scroll of blinking
Potions
 d - 4 potions of curing
 h - a potion of lignification {unknown}
 j - 3 potions of flight {unknown}
 k - a potion of invisibility {unknown}
 n - 4 potions of haste
 o - 2 potions of mutation {unknown}
 z - 3 potions of heal wounds {unknown}
 C - 2 potions of agility {unknown}
 D - a potion of resistance {unknown}
 E - a potion of cancellation {unknown}
 F - 2 potions of magic {unknown}
 H - a potion of brilliance {unknown}
 O - 2 potions of ambrosia {unknown}
 Q - 2 potions of degeneration {unknown}
Books
 e - a book of Callings

   Spells                             Type                      Level
   a - Summon Small Mammal            Summoning                    1
   b - Call Imp                       Summoning                    2
   c - Call Canine Familiar           Summoning                    3
   d - Summon Guardian Golem          Hexes/Summoning              3
   e - Summon Lightning Spire         Summoning/Air                4
   f - Summon Ice Beast               Ice/Summoning                4
   Trog disapproves of the use of such an item.
 B - a book of Transfigurations

   Spells                             Type                      Level
   a - Irradiate                      Conjuration/Transmutation    5
   b - Statue Form                    Transmutation/Earth          6
   c - Hydra Form                     Transmutation                6
   d - Dragon Form                    Transmutation                7
   Trog disapproves of the use of such an item.
Comestibles
 c - 9 bread rations
 f - 36 fruits
 p - a meat ration
 t - a royal jelly


   Skills:
 * Level 10.7 Fighting
 * Level 10.5 Axes
 + Level 7.5 Armour
 + Level 7.1 Dodging
 + Level 4.5 Evocations


You had 9 spell levels left.
You didn't know any spells.

Dungeon Overview and Level Annotations

Branches:
Dungeon (9/15)             Temple (0/1) D:6            Lair (0/6) D:9
    Orc (0/2) D:9

Altars:
Ashenzari
Dithmenos
Fedhas
Hepliaklqana
Kikubaaqudgha
Okawaru
Xom
Yredelemnul
Zin

Shops:
D:9 *?[

Annotations:
D:9 5 runed doors


Innate Abilities, Weirdness & Mutations

You reflexively headbutt those who attack you in melee.
You have a pair of horns on your head.


Message History

The gargoyle hurls a stone arrow at you.
The stone arrow misses you.
You barely miss the gargoyle.
The gargoyle is moderately damaged.
You block the gargoyle's attack.
You hit the gargoyle but do no damage.
You headbutt the gargoyle, but do no damage.
The gargoyle is moderately damaged.
You block the gargoyle's attack.
You hit the gargoyle but do no damage.
The gargoyle is moderately damaged.
Your skin stops crawling.
You feel less resistant to hostile enchantments.
The gargoyle hits you with a mace!
* * * LOW HITPOINT WARNING * * *
You hit the gargoyle but do no damage.
The gargoyle is moderately damaged.
The gargoyle hurls a stone arrow at you.
The stone arrow hits you!
You die...

.# #.#.# #####.## .#
#.#.##### #......#
.#####.#.....# #..#####
>.......####.#
#########...###
######### #.#
#.......###...### #.#
#.####### ###...##
###########.# #.# ##...#
#...........# #)#
###...## #.###########
#@# ###...### #.# #####
#9# #...### #.#
#...###.#########...###
#.# ##§#...........#
###...##
##.######.§.#..#######.#
##...# .......#.#§#.#.#
#.# ###...##
#####...§§_§§§.#
#.###...### #.##.#§#§###
#.#...### #.###.§.##
#....##


You could see a gargoyle.

Vanquished Creatures
  A cyclops (D:8)
  5 gargoyles (D:9)
  Eustachio (D:5)
  A steam dragon (D:7)
  2 hungry ghosts
  Menkaure (D:6)
  4 ice beasts
  An orc warrior (D:8)
  A phantom (D:8)
  A sky beast (D:8)
  5 centaurs
  2 big kobolds
  2 bullfrogs (D:8)
  Blork the orc (D:6)
  3 scorpions
  The ghost of p0werm0de the Shield-Bearer, a weakling DDFi (D:4)
  A killer bee (D:8)
  4 howler monkeys
  3 crimson imps
  2 jellies
  A bullfrog zombie (D:5)
  4 hounds
  An orc priest (D:4)
  5 orc wizards
  A bullfrog skeleton (D:8)
  2 iguanas
  Natasha (twice) (D:2)
  4 worker ants
  A big kobold zombie (Ossuary)
  2 hound skeletons
  8 mummies (Ossuary)
  A worker ant zombie (D:7)
  10 adders
  2 oozes
  A worm (D:3)
  2 dart slugs
  4 leopard geckos
  25 orcs
  2 ball pythons (D:3)
  4 giant cockroaches
  11 hobgoblins
  5 jackals
  13 kobolds
  6 quokkas
  11 bats
  2 frilled lizards
  A giant cockroach zombie (D:5)
  8 goblins
  4 hobgoblin zombies (Ossuary)
  A kobold zombie (Ossuary)
  2 leopard gecko skeletons
  A leopard gecko zombie (D:8)
  2 orc zombies (Ossuary)
  A quokka skeleton (D:7)
  A quokka zombie (D:6)
  7 rats
200 creatures vanquished.

Notes
Turn   | Place    | Note
-------+----------+-------------------------------------------
     0 | D:1      | Vodalian the Minotaur Berserker began the quest for the Orb.
     0 | D:1      | Reached XP level 1. HP: 19/19 MP: 0/0
   132 | D:1      | Reached XP level 2. HP: 26/27 MP: 1/1
   426 | D:1      | Reached ** piety under Trog
   538 | D:2      | Reached XP level 3. HP: 12/33 MP: 2/2
  1219 | D:2      | Noticed Natasha
  1224 | D:2      | Reached XP level 4. HP: 32/41 MP: 3/3
  1228 | D:2      | Killed Natasha
  1729 | D:2      | Noticed Natasha
  1737 | D:2      | Killed Natasha
  1737 | D:2      | Reached XP level 5. HP: 31/47 MP: 4/4
  1905 | D:3      | Found a blossoming altar of Fedhas.
  2025 | D:3      | Reached skill level 5 in Fighting
  2029 | D:3      | Reached *** piety under Trog
  2123 | D:3      | Reached skill level 5 in Axes
  2604 | D:4      | Reached XP level 6. HP: 43/56 MP: 5/5
  2659 | D:4      | Noticed p0werm0de's ghost (weakling DDFi)
  2666 | D:4      | Killed p0werm0de's ghost
  3272 | D:5      | Entered Level 5 of the Dungeon
  3299 | D:5      | Got a crude glaive
  3305 | D:5      | Identified the +9 glaive of the Mushroom {drain, rF+ Dex+4} (You found it on level 5 of the Dungeon)
  3511 | D:5      | Reached XP level 7. HP: 61/63 MP: 6/6
  3647 | D:5      | Found a shattered altar of Ashenzari.
  3822 | D:5      | Noticed Eustachio
  3832 | D:5      | Killed Eustachio
  4202 | D:6      | Reached skill level 5 in Armour
  4373 | D:6      | Noticed Menkaure
  4381 | D:6      | Killed Menkaure
  4381 | D:6      | Reached XP level 8. HP: 73/73 MP: 7/7
  4405 | D:6      | Reached skill level 5 in Dodging
  4408 | D:6      | Reached skill level 1 in Evocations
  4518 | D:6      | Found a basalt altar of Yredelemnul.
  4543 | D:6      | Noticed Blork the orc
  4553 | D:6      | Killed Blork the orc
  4754 | D:6      | Found a staircase to the Ecumenical Temple.
  5273 | D:7      | Reached **** piety under Trog
  5294 | D:7      | Found a glowing silver altar of Zin.
  5353 | D:7      | Found a sand-covered staircase.
  5360 | Ossuary  | Entered an ossuary
  5729 | D:7      | Found a hazy altar of Hepliaklqana.
  5737 | D:7      | Reached XP level 9. HP: 76/82 MP: 9/9
  6148 | D:8      | Found an ancient bone altar of Kikubaaqudgha.
  6212 | D:8      | Noticed a cyclops
  6228 | D:8      | Killed a cyclops
  6235 | D:8      | Found a shimmering altar of Xom.
  6551 | D:8      | Noticed a freezing wraith
  6553 | D:8      | Noticed a cyclops
  6555 | D:8      | Noticed a catoblepas
  6665 | D:8      | Reached skill level 10 in Fighting
  6714 | D:9      | Found Cooxuask's General Store.
  6719 | D:9      | Found a staircase to the Orcish Mines.
  6856 | D:9      | Found an iron altar of Okawaru.
  6861 | D:9      | Reached ***** piety under Trog
  6894 | D:9      | Found a staircase to the Lair.
  6907 | D:9      | Found Unolasin's Armour Emporium.
  6910 | D:9      | Bought a +0 shield for 72 gold pieces
  7039 | D:9      | Found a shadowy altar of Dithmenos.
  7136 | D:9      | Found Ywkulid's Magic Scroll Shoppe.
  7141 | D:9      | Bought 2 scrolls of enchant weapon for 195 gold pieces
  7141 | D:9      | Bought a scroll of identify for 26 gold pieces
  7141 | D:9      | Bought a scroll of enchant weapon for 97 gold pieces
  7141 | D:9      | Bought a scroll of identify for 26 gold pieces
  7211 | D:9      | Found a runed door.
  7212 | D:9      | Found a runed gate.
  7219 | D:9      | Found a runed door.
  7239 | D:9      | Found a runed gate.
  7253 | D:9      | Found a runed gate.
  7288 | D:9      | Noticed a gargoyle
  7296 | D:9      | Killed a gargoyle
  7296 | D:9      | Reached skill level 10 in Axes
  7296 | D:9      | Reached XP level 10. HP: 93/93 MP: 12/12
  7300 | D:9      | Noticed a gargoyle
  7301 | D:9      | Noticed a gargoyle
  7301 | D:9      | Noticed a gargoyle
  7301 | D:9      | Noticed a gargoyle
  7302 | D:9      | Noticed a gargoyle
  7543 | D:9      | Killed a gargoyle
  7548 | D:9      | Killed a gargoyle
  7564 | D:9      | Killed a gargoyle
  7574 | D:9      | Killed a gargoyle
  7580 | D:9      | Killed from afar by a gargoyle

Skill      XL: |  1  2  3  4  5  6  7  8  9 10 |
---------------+-------------------------------+-----
Fighting       | 4 5 6 7 8 10 | 10.7
Axes           | 4 5 6 7 8 10 | 10.5
Armour         | 3 4 5 6 7 |  7.5
Dodging        | 3 4 5 6 7 |  7.1
Evocations     | 2 4 |  4.5

Action                   |  1- 3 |  4- 6 |  7- 9 | 10-12 || total
-------------------------+-------+-------+-------+-------++-------
Melee: Hand axe          |    60 |   120 |   355 |    39 ||   574
       Headbutt          |     9 |    25 |    80 |    14 ||   128
       Glaive            |       |    10 |       |       ||    10
Invok: Berserk           |     1 |     2 |     5 |     1 ||     9
       Trog's Hand       |       |     1 |     4 |     1 ||     6
Evoke: Wand              |       |       |     1 |       ||     1
  Use: Scroll            |       |     5 |     7 |     1 ||    13
       Potion            |       |       |       |     2 ||     2
  Eat: Chunk             |     1 |    10 |    20 |       ||    31
       Royal jelly       |       |       |     1 |       ||     1
       Fruit             |       |       |       |     2 ||     2
Armor: Animal skin       |     4 |       |       |       ||     4
       Leather armour    |     5 |    13 |       |       ||    18
       Scale mail        |       |    18 |       |       ||    18
       Ring mail         |       |     3 |       |       ||     3
       Chain mail        |       |     9 |       |       ||     9
       Pearl dragon scal |       |       |   141 |     6 ||   147
Dodge: Dodged            |    46 |    75 |   181 |    15 ||   317
Block: Buckler           |       |       |    28 |       ||    28
       Shield            |       |       |     7 |     7 ||    14
